[ AOE2 MATCH · #476273755 ]
Team RMKoreans vs Mongols
[ REPLAY ANALYSIS · EXTRACTED FROM THE RECORDED GAME ]
Feudal
13:49
Castle
22:04
Imperial
—
| APM avg | 19.6 |
| APM peak | 34 |
| eAPM avg | 12.2 |
| Villagers / military | 52 / 50 |
Focus
⚔️ 26.5% · 🌾 73.5%
Fishing Ship ×24 · Skirmisher ×17 · Fire Lancer ×15 · War Wagon ×8 · Turtle Ship ×6 · Spearman ×4
Feudal
14:39
Castle
22:05
Imperial
—
| APM avg | 23.8 |
| APM peak | 65 |
| eAPM avg | 11.6 |
| Villagers / military | 92 / 43 |
Focus
⚔️ 12.6% · 🌾 87.4%
Mangudai ×38 · Fishing Ship ×10 · Battering Ram ×4 · Trade Cog ×1 · Fire Galley ×1
Feudal
15:50
Castle
21:29
Imperial
38:29
| APM avg | 17.4 |
| APM peak | 56 |
| eAPM avg | 9.9 |
| Villagers / military | 96 / 35 |
Focus
⚔️ 21.4% · 🌾 78.6%
Fishing Ship ×57 · Demolition Raft ×10 · Knight ×8 · Trebuchet (Packed) ×8 · Fire Galley ×6 · Unknown (1795) ×6
Feudal
14:12
Castle
25:56
Imperial
36:51
| APM avg | 23.5 |
| APM peak | 58 |
| eAPM avg | 16.8 |
| Villagers / military | 127 / 113 |
Focus
⚔️ 28.3% · 🌾 71.7%
Shotel Warrior ×74 · Camel Scout ×15 · Fishing Ship ×15 · Archer ×12 · Fire Galley ×4 · Militia ×2
Match map
Initial resources + every placement click. Lines = walls · curves = elevation contours. ◆ gold · ⬟ stone · ● berries · ✦ relic · ◌ wall gap
Your base· Open — unwalled flank
ptric90's base· Open — unwalled flank
JozefCZ's base· Open — unwalled flank
Maxouel's base· Open — unwalled flank
Smoothed initial terrain · ◌ = detected wall gap · hover for details
Inputs per minute
— Corwin - - ptric90
Build order — Corwin
First 150 of 195 actions detected
| 0:17 | Build | Dock |
| 0:19 | Build | House |
| 0:31 | Build | Town Center |
| 3:04 | Create | Villager (Male) |
| 3:05 | Create | Villager (Male) |
| 3:05 | Create | Villager (Male) |
| 3:06 | Create | Villager (Male) |
| 3:19 | Create | Villager (Male) |
| 3:20 | Research | Loom |
| 4:44 | Create | Villager (Male) |
| 4:55 | Build | House |
| 5:26 | Create | Villager (Male) |
| 5:27 | Create | Fishing Ship |
| 6:36 | Create | Fishing Ship |
| 6:41 | Create | Villager (Male) |
| 6:50 | Build | House |
| 7:21 | Create | Villager (Male) |
| 7:23 | Create | Fishing Ship |
| 8:04 | Create | Villager (Male) |
| 8:04 | Create | Villager (Male) |
| 8:56 | Create | Villager (Male) |
| 8:57 | Create | Villager (Male) |
| 8:58 | Create | Fishing Ship |
| 8:59 | Create | Fishing Ship |
| 9:11 | Build | House |
| 9:54 | Create | Villager (Male) |
| 9:56 | Create | Villager (Male) |
| 9:58 | Create | Fishing Ship |
| 10:50 | Build | Barracks |
| 10:54 | Create | Villager (Male) |
| 11:06 | Build | House |
| 11:39 | Research | Feudal Age |
| 12:10 | Create | Fishing Ship |
| 12:50 | Create | Villager (Male) |
| 12:50 | Create | Villager (Male) |
| 13:23 | Build | Mill |
| 13:28 | Build | Mill |
| 13:49 | Build | Mill |
| 13:49 | Age | Feudal Age |
| 14:06 | Build | Watch Tower |
| 14:14 | Create | Spearman |
| 14:14 | Create | Spearman |
| 14:16 | Create | Villager (Male) |
| 14:28 | Create | Unit 2626 |
| 15:22 | Create | Villager (Male) |
| 15:22 | Create | Villager (Male) |
| 15:53 | Build | House |
| 16:14 | Create | Villager (Male) |
| 16:40 | Build | House |
| 16:44 | Create | Villager (Male) |
| 17:35 | Build | Market |
| 17:49 | Create | Villager (Male) |
| 18:19 | Build | Blacksmith |
| 18:24 | Build | Mining Camp |
| 18:38 | Research | Town Watch |
| 18:52 | Build | Gate |
| 18:56 | Build | Stone Wall |
| 19:07 | Build | Stone Wall |
| 19:13 | Research | Fletching |
| 19:24 | Research | Castle Age |
| 19:31 | Research | Forging |
| 19:52 | Create | Fishing Ship |
| 19:52 | Create | Fishing Ship |
| 20:17 | Build | House |
| 20:18 | Build | House |
| 20:20 | Create | Spearman |
| 20:21 | Create | Spearman |
| 20:27 | Research | Stone Mining |
| 20:30 | Research | Gold Mining |
| 20:40 | Create | Villager (Male) |
| 21:26 | Build | Mining Camp |
| 22:04 | Age | Castle Age |
| 22:35 | Build | Castle |
| 23:09 | Research | Wheelbarrow |
| 23:40 | Build | Lumber Camp |
| 24:37 | Research | Double-Bit Axe |
| 24:48 | Build | Castle |
| 25:04 | Build | Castle |
| 25:27 | Research | Bodkin Arrow |
| 25:36 | Build | Gate |
| 25:42 | Build | Gate |
| 25:50 | Build | Stone Wall |
| 26:11 | Build | Dock |
| 26:20 | Build | Dock |
| 26:47 | Build | Town Center |
| 27:06 | Create | Fishing Ship |
| 27:25 | Create | Unit 2626 |
| 28:14 | Create | Villager (Male) |
| 28:14 | Create | Villager (Male) |
| 28:14 | Create | Villager (Male) |
| 28:26 | Research | Bow Saw |
| 28:59 | Build | Stone Wall |
| 29:06 | Build | Stone Wall |
| 29:10 | Create | War Wagon |
| 29:10 | Create | War Wagon |
| 29:28 | Build | Castle |
| 30:07 | Create | War Wagon |
| 30:07 | Create | War Wagon |
| 30:14 | Research | Scale Mail Armor |
| 30:17 | Create | Villager (Male) ×5 |
| 30:30 | Build | Stone Wall |
| 30:33 | Build | Stone Wall |
| 30:49 | Build | Stone Wall |
| 30:55 | Build | Stone Wall |
| 31:10 | Build | Dock |
| 31:14 | Create | Fishing Ship |
| 31:14 | Create | Fishing Ship |
| 31:31 | Build | Archery Range |
| 31:35 | Create | War Wagon |
| 31:35 | Create | War Wagon |
| 31:56 | Create | Fishing Ship |
| 31:59 | Research | Tech 906 |
| 32:31 | Build | Stone Wall |
| 32:40 | Build | Archery Range |
| 32:45 | Create | Skirmisher ×5 |
| 32:54 | Build | Stone Wall |
| 33:04 | Create | War Wagon |
| 33:12 | Create | War Wagon |
| 33:32 | Create | Villager (Male) ×4 |
| 33:58 | Create | Fishing Ship |
| 33:58 | Create | Fishing Ship |
| 33:59 | Create | Fishing Ship |
| 34:31 | Create | Skirmisher |
| 34:31 | Create | Skirmisher |
| 34:31 | Create | Skirmisher |
| 35:07 | Build | University |
| 35:10 | Create | Villager (Male) |
| 35:10 | Create | Villager (Male) |
| 35:21 | Build | Mining Camp |
| 35:29 | Create | Fishing Ship |
| 35:29 | Create | Fishing Ship |
| 35:51 | Create | Turtle Ship |
| 36:14 | Build | Watch Tower |
| 36:31 | Create | Turtle Ship |
| 36:34 | Create | Turtle Ship |
| 36:44 | Research | Gillnets |
| 36:49 | Research | Murder Holes |
| 37:04 | Create | Skirmisher |
| 37:04 | Create | Skirmisher |
| 37:15 | Create | Skirmisher |
| 37:16 | Create | Skirmisher |
| 37:16 | Create | Skirmisher |
| 37:54 | Build | Watch Tower |
| 37:58 | Create | Turtle Ship |
| 37:59 | Create | Fishing Ship |
| 38:33 | Build | Town Center |
| 38:40 | Create | Villager (Male) |
| 38:40 | Create | Villager (Male) |
| 38:40 | Create | Villager (Male) |
| 39:25 | Build | Town Center |
Build order — ptric90
First 150 of 189 actions detected
| 0:12 | Build | House |
| 0:54 | Build | Town Center |
| 1:11 | Build | Dock |
| 3:07 | Create | Villager (Male) ×4 |
| 4:09 | Create | Fishing Ship |
| 4:23 | Create | Villager (Male) |
| 4:38 | Build | House |
| 5:20 | Create | Fishing Ship |
| 5:45 | Create | Villager (Male) |
| 6:05 | Create | Fishing Ship |
| 6:26 | Create | Fishing Ship |
| 6:35 | Build | House |
| 6:39 | Create | Villager (Male) |
| 7:04 | Create | Fishing Ship |
| 7:36 | Create | Villager (Male) |
| 7:52 | Create | Villager (Male) |
| 7:57 | Create | Fishing Ship |
| 8:12 | Build | House |
| 8:17 | Create | Villager (Male) |
| 8:24 | Create | Fishing Ship |
| 9:02 | Build | Mill |
| 9:10 | Create | Villager (Male) |
| 9:10 | Create | Villager (Male) |
| 9:28 | Create | Villager (Male) |
| 9:31 | Create | Fishing Ship |
| 9:50 | Create | Villager (Male) |
| 9:50 | Create | Villager (Male) |
| 10:16 | Build | House |
| 10:21 | Create | Villager (Male) |
| 10:40 | Create | Fishing Ship |
| 10:58 | Build | Farm |
| 11:14 | Create | Villager (Male) |
| 11:17 | Build | Farm |
| 11:24 | Create | Villager (Male) |
| 11:24 | Create | Villager (Male) |
| 11:24 | Create | Villager (Male) |
| 11:39 | Create | Fishing Ship |
| 12:16 | Build | House |
| 12:27 | Research | Feudal Age |
| 12:57 | Build | Mining Camp |
| 14:05 | Build | House |
| 14:24 | Build | House |
| 14:39 | Age | Feudal Age |
| 14:39 | Build | Lumber Camp |
| 14:47 | Build | Market |
| 15:13 | Create | Villager (Male) |
| 15:13 | Create | Villager (Male) |
| 16:26 | Create | Trade Cog |
| 17:25 | Create | Fire Galley |
| 17:40 | Build | Blacksmith |
| 17:42 | Build | House |
| 17:44 | Build | House |
| 17:45 | Build | House |
| 17:46 | Build | House |
| 18:34 | Research | Double-Bit Axe |
| 18:55 | Create | Villager (Male) |
| 18:55 | Create | Villager (Male) |
| 19:25 | Research | Castle Age |
| 19:25 | Research | Castle Age |
| 19:43 | Build | Palisade Wall |
| 19:55 | Build | Palisade Wall |
| 20:25 | Build | Farm |
| 20:31 | Build | Farm |
| 22:05 | Age | Castle Age |
| 22:39 | Create | Villager (Male) |
| 22:40 | Create | Villager (Male) |
| 22:58 | Build | Castle |
| 23:01 | Create | Villager (Male) |
| 23:01 | Create | Villager (Male) |
| 23:23 | Build | Farm |
| 24:04 | Build | Town Center |
| 24:10 | Build | Farm |
| 24:12 | Build | Farm |
| 24:31 | Create | Mangudai ×2 |
| 24:37 | Research | Fletching |
| 24:38 | Research | Padded Archer Armor |
| 24:41 | Create | Villager (Male) |
| 24:41 | Create | Villager (Male) |
| 24:42 | Create | Villager (Male) |
| 24:42 | Create | Villager (Male) |
| 24:42 | Create | Villager (Male) |
| 24:43 | Create | Villager (Male) |
| 25:18 | Build | House |
| 25:20 | Build | House |
| 25:22 | Build | House |
| 25:23 | Build | House |
| 25:42 | Create | Villager (Male) |
| 25:42 | Create | Villager (Male) |
| 25:51 | Create | Mangudai |
| 25:57 | Create | Villager (Male) ×5 |
| 26:00 | Create | Villager (Male) |
| 26:01 | Create | Villager (Male) ×2 |
| 26:44 | Build | Mining Camp |
| 27:16 | Research | Loom |
| 27:27 | Build | Lumber Camp |
| 27:36 | Create | Mangudai ×3 |
| 28:18 | Build | Farm |
| 28:23 | Build | Farm |
| 28:41 | Create | Villager (Male) ×5 |
| 28:52 | Create | Mangudai ×3 |
| 29:20 | Build | Farm |
| 29:38 | Build | Town Center |
| 29:44 | Create | Villager (Male) |
| 29:44 | Create | Villager (Male) |
| 30:16 | Create | Mangudai |
| 31:10 | Create | Mangudai |
| 31:17 | Create | Villager (Male) |
| 31:18 | Create | Villager (Male) |
| 31:18 | Create | Villager (Male) |
| 31:18 | Create | Villager (Male) |
| 31:21 | Build | Farm |
| 31:24 | Build | Farm |
| 31:28 | Build | Farm |
| 31:33 | Build | Farm |
| 31:37 | Build | Lumber Camp |
| 31:38 | Create | Villager (Male) |
| 31:39 | Create | Villager (Male) |
| 31:39 | Create | Villager (Male) |
| 31:43 | Create | Villager (Male) |
| 33:03 | Create | Villager (Male) ×4 |
| 33:46 | Build | Barracks |
| 34:43 | Create | Villager (Male) ×5 |
| 34:56 | Build | Farm |
| 34:59 | Build | Farm |
| 35:04 | Build | Farm |
| 35:19 | Create | Mangudai ×5 |
| 35:20 | Create | Mangudai ×2 |
| 35:30 | Build | Farm |
| 35:49 | Build | House |
| 35:50 | Build | House |
| 35:51 | Build | House |
| 35:52 | Build | House |
| 35:57 | Create | Villager (Male) |
| 35:57 | Create | Villager (Male) |
| 36:39 | Create | Mangudai ×4 |
| 36:47 | Create | Villager (Male) |
| 36:47 | Create | Villager (Male) |
| 36:47 | Create | Villager (Male) |
| 36:48 | Create | Villager (Male) |
| 37:23 | Build | House |
| 37:24 | Build | House |
| 37:25 | Build | House |
| 37:29 | Create | Mangudai |
| 37:31 | Create | Villager (Male) |
| 37:31 | Create | Villager (Male) |
| 38:09 | Create | Villager (Male) |
| 38:10 | Create | Villager (Male) |
| 38:11 | Create | Villager (Male) |
| 38:34 | Research | Bodkin Arrow |
| 39:03 | Build | Siege Workshop |
Build order — JozefCZ
First 150 of 264 actions detected
| 0:15 | Build | Lumber Camp |
| 0:30 | Build | Town Center |
| 2:55 | Create | Villager (Male) |
| 2:55 | Create | Villager (Male) |
| 2:56 | Create | Villager (Male) |
| 2:56 | Create | Villager (Male) |
| 3:57 | Research | Loom |
| 4:26 | Create | Villager (Male) |
| 5:13 | Create | Villager (Male) |
| 5:45 | Create | Villager (Male) |
| 6:29 | Create | Villager (Male) |
| 6:41 | Build | Dock |
| 6:55 | Create | Villager (Male) |
| 7:12 | Create | Villager (Male) |
| 7:46 | Create | Villager (Male) |
| 7:46 | Create | Villager (Male) |
| 7:48 | Create | Villager (Male) |
| 7:59 | Create | Fishing Ship |
| 8:44 | Create | Villager (Male) |
| 8:54 | Create | Fishing Ship |
| 8:56 | Create | Fishing Ship |
| 9:22 | Create | Fishing Ship |
| 9:40 | Create | Fishing Ship |
| 9:52 | Create | Villager (Male) |
| 10:05 | Create | Fishing Ship |
| 10:19 | Create | Villager (Male) |
| 10:20 | Create | Villager (Male) |
| 10:20 | Create | Villager (Male) |
| 10:36 | Create | Villager (Male) |
| 11:00 | Build | Mill |
| 11:09 | Create | Villager (Male) |
| 11:09 | Create | Villager (Male) |
| 11:16 | Create | Fishing Ship |
| 11:43 | Create | Villager (Male) |
| 11:52 | Create | Fishing Ship |
| 12:40 | Build | Mining Camp |
| 12:43 | Create | Villager (Male) |
| 12:44 | Create | Villager (Male) |
| 12:49 | Create | Fishing Ship |
| 13:24 | Build | Dock |
| 13:29 | Research | Feudal Age |
| 13:42 | Create | Fishing Ship |
| 14:00 | Create | Fishing Ship |
| 14:15 | Create | Fishing Ship |
| 14:50 | Build | Lumber Camp |
| 15:01 | Create | Fishing Ship |
| 15:11 | Create | Villager (Male) |
| 15:12 | Create | Villager (Male) |
| 15:12 | Create | Villager (Male) |
| 15:12 | Create | Villager (Male) |
| 15:12 | Create | Villager (Male) |
| 15:31 | Create | Fishing Ship |
| 15:50 | Age | Feudal Age |
| 15:55 | Research | Double-Bit Axe |
| 16:28 | Build | Market |
| 16:53 | Build | Blacksmith |
| 16:56 | Create | Fishing Ship |
| 17:10 | Create | Fishing Ship |
| 17:23 | Research | Stone Mining |
| 17:29 | Create | Fishing Ship |
| 17:40 | Create | Fishing Ship |
| 17:59 | Create | Villager (Male) |
| 18:01 | Create | Villager (Male) |
| 18:22 | Research | Castle Age |
| 18:38 | Build | Dock |
| 19:03 | Research | Wheelbarrow |
| 19:23 | Create | Fishing Ship |
| 19:25 | Create | Fishing Ship |
| 19:29 | Research | Tech 906 |
| 19:29 | Create | Fishing Ship |
| 19:30 | Create | Fishing Ship |
| 19:30 | Create | Fishing Ship |
| 20:05 | Build | Barracks |
| 20:26 | Research | Town Watch |
| 20:27 | Create | Villager (Male) |
| 20:27 | Create | Villager (Male) |
| 20:27 | Create | Villager (Male) |
| 20:33 | Create | Fishing Ship |
| 20:33 | Create | Fishing Ship |
| 20:33 | Create | Fishing Ship |
| 20:34 | Create | Fishing Ship |
| 20:34 | Create | Fishing Ship |
| 21:04 | Create | Demolition Raft |
| 21:04 | Create | Demolition Raft |
| 21:08 | Create | Demolition Raft |
| 21:29 | Age | Castle Age |
| 21:35 | Build | Castle |
| 21:51 | Research | Bow Saw |
| 22:38 | Build | Siege Workshop |
| 22:48 | Research | Tech 905 |
| 22:52 | Create | Demolition Raft |
| 22:53 | Research | Gillnets |
| 23:51 | Create | Villager (Male) |
| 23:51 | Create | Villager (Male) |
| 23:51 | Create | Villager (Male) |
| 24:04 | Build | Castle |
| 24:11 | Create | Battering Ram |
| 24:21 | Create | Fishing Ship |
| 24:37 | Create | Villager (Male) |
| 24:37 | Create | Villager (Male) |
| 24:47 | Build | Dock |
| 24:52 | Create | Demolition Raft |
| 25:05 | Create | Villager (Male) |
| 25:10 | Build | Mining Camp |
| 25:58 | Create | Villager (Male) |
| 25:58 | Create | Villager (Male) |
| 25:58 | Create | Villager (Male) |
| 25:59 | Create | Villager (Male) |
| 25:59 | Create | Villager (Male) |
| 26:10 | Create | Fire Galley |
| 26:31 | Create | Villager (Male) |
| 26:31 | Create | Villager (Male) |
| 26:51 | Create | Fire Galley |
| 26:52 | Create | Fire Galley |
| 26:53 | Create | Fire Galley |
| 27:03 | Create | Villager (Male) |
| 27:03 | Create | Villager (Male) |
| 27:04 | Create | Villager (Male) |
| 27:28 | Research | War Galley (upgrade) |
| 28:04 | Build | Stable |
| 28:12 | Build | Stable |
| 28:17 | Research | Hand Cart |
| 28:24 | Create | Fire Galley |
| 28:25 | Create | Fire Galley |
| 29:07 | Create | Knight |
| 29:16 | Create | Knight |
| 29:17 | Create | Knight |
| 29:17 | Create | Knight |
| 29:41 | Create | Villager (Male) |
| 30:00 | Create | Knight |
| 30:02 | Create | Knight |
| 30:02 | Create | Knight |
| 30:09 | Create | Villager (Male) |
| 30:23 | Create | Fishing Ship |
| 30:23 | Create | Fishing Ship |
| 30:23 | Create | Fishing Ship |
| 30:24 | Create | Fishing Ship |
| 30:24 | Create | Fishing Ship |
| 30:24 | Create | Fishing Ship |
| 30:25 | Create | Fishing Ship |
| 30:25 | Create | Fishing Ship |
| 30:38 | Create | Knight |
| 30:54 | Build | Fish Trap |
| 30:55 | Build | Fish Trap |
| 30:56 | Build | Fish Trap |
| 30:57 | Build | Fish Trap |
| 30:58 | Build | Fish Trap |
| 30:59 | Build | Fish Trap |
| 31:01 | Build | Fish Trap |
| 31:06 | Build | Fish Trap |
Build order — Maxouel
First 150 of 449 actions detected
| 0:25 | Build | Town Center |
| 0:36 | Build | Town Center |
| 1:17 | Build | Dock |
| 1:18 | Build | House |
| 1:19 | Build | House |
| 2:57 | Create | Villager (Male) |
| 2:57 | Create | Villager (Male) |
| 2:57 | Create | Villager (Male) |
| 3:21 | Create | Villager (Male) |
| 3:21 | Create | Villager (Male) |
| 3:32 | Build | House |
| 4:17 | Create | Villager (Male) |
| 4:33 | Create | Villager (Male) |
| 5:28 | Create | Villager (Male) |
| 5:28 | Create | Villager (Male) |
| 5:28 | Create | Villager (Male) |
| 5:49 | Create | Villager (Male) |
| 5:49 | Create | Villager (Male) |
| 6:11 | Build | House |
| 6:19 | Research | Loom |
| 6:35 | Create | Fishing Ship |
| 6:35 | Create | Fishing Ship |
| 6:37 | Create | Villager (Male) |
| 6:37 | Create | Villager (Male) |
| 7:07 | Create | Villager (Male) |
| 7:07 | Create | Villager (Male) |
| 7:16 | Create | Fishing Ship |
| 7:16 | Create | Fishing Ship |
| 7:53 | Create | Fishing Ship |
| 8:07 | Build | House |
| 8:30 | Create | Villager (Male) |
| 8:31 | Create | Villager (Male) |
| 8:33 | Create | Fishing Ship |
| 8:55 | Create | Fishing Ship |
| 8:55 | Create | Fishing Ship |
| 8:59 | Create | Villager (Male) |
| 9:00 | Create | Villager (Male) |
| 9:09 | Build | House |
| 9:11 | Build | House |
| 9:39 | Create | Fishing Ship |
| 10:05 | Build | Mill |
| 10:17 | Create | Villager (Male) |
| 10:18 | Create | Villager (Male) |
| 10:18 | Create | Villager (Male) |
| 10:21 | Create | Fishing Ship |
| 10:42 | Build | Farm |
| 10:53 | Build | Farm |
| 11:14 | Create | Villager (Male) |
| 11:15 | Create | Fishing Ship |
| 11:24 | Build | Farm |
| 11:45 | Create | Fishing Ship |
| 11:45 | Create | Fishing Ship |
| 12:02 | Research | Feudal Age |
| 12:19 | Build | Lumber Camp |
| 12:41 | Create | Fishing Ship |
| 12:41 | Create | Fishing Ship |
| 13:00 | Build | House |
| 13:01 | Build | House |
| 13:34 | Build | Barracks |
| 13:35 | Create | Villager (Male) |
| 13:36 | Create | Villager (Male) |
| 14:01 | Build | Mining Camp |
| 14:12 | Age | Feudal Age |
| 14:15 | Build | House |
| 14:20 | Create | Fire Galley |
| 14:37 | Create | Militia |
| 14:38 | Create | Militia |
| 14:40 | Research | Man-at-Arms (upgrade) |
| 14:48 | Create | Villager (Male) |
| 14:48 | Create | Villager (Male) |
| 14:57 | Research | Double-Bit Axe |
| 15:25 | Research | Arson |
| 15:45 | Research | Gold Mining |
| 15:46 | Create | Villager (Male) |
| 15:46 | Create | Villager (Male) |
| 15:56 | Build | Archery Range |
| 16:01 | Build | Blacksmith |
| 16:08 | Create | Fire Galley |
| 16:25 | Create | Fire Galley |
| 16:36 | Create | Villager (Male) |
| 16:37 | Create | Villager (Male) |
| 16:43 | Build | House |
| 16:44 | Build | House |
| 16:59 | Build | House |
| 17:09 | Build | House |
| 17:16 | Build | Archery Range |
| 17:17 | Create | Villager (Male) |
| 17:17 | Create | Villager (Male) |
| 17:38 | Create | Fire Galley |
| 17:59 | Create | Villager (Male) |
| 17:59 | Create | Villager (Male) |
| 18:03 | Build | House |
| 18:05 | Build | House |
| 18:15 | Research | Horse Collar |
| 18:21 | Build | Farm |
| 18:24 | Build | Farm |
| 18:25 | Create | Villager (Male) |
| 18:55 | Build | Dock |
| 19:10 | Build | Farm |
| 19:11 | Build | Farm |
| 19:14 | Create | Villager (Male) |
| 19:18 | Create | Archer |
| 19:18 | Create | Archer |
| 19:25 | Create | Archer |
| 19:25 | Create | Archer |
| 19:56 | Create | Archer |
| 19:56 | Create | Archer |
| 19:56 | Create | Archer |
| 20:00 | Research | Fletching |
| 20:00 | Research | Padded Archer Armor |
| 20:05 | Build | Farm |
| 20:10 | Build | Farm |
| 20:11 | Create | Villager (Male) |
| 20:11 | Create | Villager (Male) |
| 20:12 | Create | Villager (Male) |
| 20:12 | Create | Villager (Male) |
| 20:12 | Create | Villager (Male) |
| 20:20 | Create | Demolition Raft |
| 20:20 | Create | Demolition Raft |
| 20:26 | Build | Farm |
| 20:34 | Create | Archer |
| 20:34 | Create | Archer |
| 20:58 | Build | Dock |
| 21:42 | Build | House |
| 21:45 | Create | Villager (Male) |
| 21:53 | Build | Mill |
| 21:54 | Build | Farm |
| 21:54 | Build | Farm |
| 21:55 | Build | Farm |
| 21:55 | Build | Farm |
| 21:55 | Build | Farm |
| 21:55 | Build | Farm |
| 21:56 | Build | Farm |
| 22:30 | Build | Market |
| 23:16 | Research | Castle Age |
| 23:45 | Create | Villager (Male) |
| 23:45 | Create | Villager (Male) |
| 23:49 | Create | Villager (Male) |
| 23:49 | Create | Villager (Male) |
| 23:49 | Create | Villager (Male) |
| 24:15 | Build | Lumber Camp |
| 24:29 | Create | Archer |
| 24:29 | Create | Archer |
| 24:30 | Create | Archer |
| 24:52 | Build | House |
| 24:55 | Build | House |
| 25:52 | Research | Wheelbarrow |
| 25:56 | Age | Castle Age |
| 26:05 | Build | Town Center |
| 26:16 | Build | Town Center |
Match timeline
| 0:17 | Corwin · first_building Dock |
| 1:11 | ptric90 · first_building Dock |
| 1:17 | Maxouel · first_building Dock |
| 6:41 | JozefCZ · first_building Dock |
| 10:50 | Corwin · first_building Barracks |
| 13:34 | Maxouel · first_building Barracks |
| 13:49 | Corwin · age_up feudal |
| 14:12 | Maxouel · age_up feudal |
| 14:39 | ptric90 · age_up feudal |
| 15:50 | JozefCZ · age_up feudal |
| 15:56 | Maxouel · first_building Archery Range |
| 18:08 | JozefCZ · first_market_sell 100 wood |
| 18:14 | Corwin · first_market_sell 100 food |
| 18:15 | Corwin · first_market_buy 100 wood |
| 18:56 | Corwin · wall_segment Stone Wall x1 |
| 19:07 | Corwin · wall_segment Stone Wall x7 |
| 19:43 | ptric90 · wall_segment Palisade Wall x1 |
| 19:55 | ptric90 · wall_segment Palisade Wall x1 |
| 20:05 | JozefCZ · first_building Barracks |
| 21:29 | JozefCZ · age_up castle |
| 21:35 | JozefCZ · first_building Castle |
| 22:04 | Corwin · age_up castle |
| 22:05 | ptric90 · age_up castle |
| 22:35 | Corwin · first_building Castle |
| 22:38 | JozefCZ · first_building Siege Workshop |
| 22:58 | ptric90 · first_building Castle |
| 23:25 | Maxouel · tribute_sent a jugador 1 |
| 23:25 | Maxouel · tribute_sent a jugador 2 |
| 23:25 | Maxouel · tribute_sent a jugador 3 |
| 23:34 | Maxouel · first_market_buy 100 stone |
| 23:41 | Maxouel · tribute_sent a jugador 1 |
| 23:41 | Maxouel · tribute_sent a jugador 2 |
| 23:41 | Maxouel · tribute_sent a jugador 3 |
| 25:50 | Corwin · wall_segment Stone Wall x5 |
| 25:56 | Maxouel · age_up castle |
| 26:57 | Maxouel · first_building Monastery |
| 28:04 | JozefCZ · first_building Stable |
| 28:48 | ptric90 · first_market_sell 100 food |
| 28:59 | Corwin · wall_segment Stone Wall x7 |
| 29:06 | Corwin · wall_segment Stone Wall x9 |
| 30:30 | Corwin · wall_segment Stone Wall x11 |
| 30:33 | Corwin · wall_segment Stone Wall x10 |
| 30:47 | Maxouel · first_building Castle |
| 30:49 | Corwin · wall_segment Stone Wall x13 |
| 30:55 | Corwin · wall_segment Stone Wall x5 |
| 31:31 | Corwin · first_building Archery Range |
| 32:31 | Corwin · wall_segment Stone Wall x11 |
| 32:54 | Corwin · wall_segment Stone Wall x9 |
| 33:46 | ptric90 · first_building Barracks |
| 34:45 | Maxouel · first_building Stable |
| 36:04 | JozefCZ · first_building Monastery |
| 36:51 | Maxouel · age_up imperial |
| 38:29 | JozefCZ · age_up imperial |
| 38:32 | ptric90 · first_market_buy 100 food |
| 38:59 | Maxouel · first_market_sell 100 wood |
| 39:03 | ptric90 · first_building Siege Workshop |
| 39:44 | Corwin · wall_segment Stone Wall x10 |
| 44:54 | JozefCZ · resign |
[ AI ANALYSIS · 1 CREDIT ]
What really happened in this match?
Wolo.gg analyzes every decision: build order, eco, micro, common mistakes by bracket. Personalized analysis on WhatsApp or Discord in 30 seconds.
Civ guide
Koreans
Map guide
Nomad
Perfil
Corwin